AoeStats
← Balou

African Clearing

510524476Analyzed
2v2 RM · 2d ago on Oct 1, 2026· 58m 27s· 4 players
Game mode
Random Map
Map size
Medium (4 player)
Population
200
Speed
Normal
Resources
Standard
Victory
Conquest
Starting age
Dark Age
Ending age
Imperial Age
RankedLock teamsTeams togetherTeam positionsShared explorationLock speedFull tech treeHidden civsTurbo modeCheats
Victory
Defeat
🇨🇴 Mongols · Colombia
971
+19
🇨🇳 Persians · China
971
+19
🇫🇷 Hindustanis · France
1035
-20
🇫🇷 Khitans · France
1020
-18
hmora
4:06 Loom
13:14 Feudal Age
18:43 Castle Age
26:08 Scale Barding Armor
26:16 Bloodlines
28:35 Horse Collar
28:43 Double-Bit Axe
30:32 Chain Barding Armor
34:22 Wheelbarrow
36:27 Husbandry
38:08 Forging
42:00 Hand Cart
45:05 Iron Casting
44:20 Fletching
44:31 Padded Archer Armor
47:55 Imperial Age
45:32 Elite Skirmisher
46:38 Bodkin Arrow
47:31 Gold Mining
47:31 Stone Mining
49:22 Bracer
49:37 Leather Archer Armor
49:23 Elite Steppe Lancer
49:24 Light Cavalry
55:44 Bow Saw
55:29 Hussar
57:25 Gold Shaft Mining
57:26 Stone Shaft Mining
58:30 Blast Furnace
二叔玩帝国
13:42 Feudal Age
21:28 Castle Age
20:42 Fishing Lines
23:24 Gillnets
24:15 Double-Bit Axe
30:35 Bloodlines
30:22 Horse Collar
30:51 Fletching
32:18 Bow Saw
34:10 Wheelbarrow
33:21 Town Watch
33:45 Bodkin Arrow
35:54 Ballistics
35:36 Padded Archer Armor
35:54 Town Patrol
36:46 Husbandry
40:12 Imperial Age
38:20 Kamandaran
39:00 Pikeman
39:44 Scale Mail Armor
41:31 Chain Mail Armor
41:31 Leather Archer Armor
40:40 Cavalier
41:39 Citadels
41:50 Conscription
42:50 Scale Barding Armor
43:23 Thumb Ring
42:38 Crossbowman
42:58 Heavy Camel Rider
44:01 Gold Mining
45:53 Chemistry
45:31 Ring Archer Armor
47:59 Chain Barding Armor
49:13 Savar
57:18 Plate Barding Armor
56:27 Elite War Elephant
56:30 Heavy Cavalry Archer
57:35 Parthian Tactics
Colonel Jam
4:45 Loom
14:19 Feudal Age
20:51 Castle Age
19:21 Gold Mining
20:25 Double-Bit Axe
24:50 Wheelbarrow
29:07 Town Watch
30:49 Forging
30:29 Fletching
32:43 Ballistics
38:16 Imperial Age
37:07 Iron Casting
36:38 Scale Barding Armor
37:24 Husbandry
38:55 Hand Cart
38:54 Bow Saw
39:39 Padded Archer Armor
41:25 Heavy Cavalry Archer
42:30 Parthian Tactics
43:12 Bodkin Arrow
44:50 Capped Ram
46:02 Conscription
46:44 Bracer
47:00 Leather Archer Armor
48:51 Chemistry
47:48 Murder Holes
47:43 Heated Shot
50:46 Light Cavalry
51:49 Chain Barding Armor
52:00 Ring Archer Armor
54:16 Hussar
56:23 Plate Barding Armor
Balou
6:59 Loom
13:26 Feudal Age
14:23 Double-Bit Axe
16:42 Scale Barding Armor
22:57 Castle Age
23:33 Bloodlines
23:54 Husbandry
29:20 Gold Mining
29:15 Horse Collar
34:43 Wheelbarrow
35:53 Hand Cart
35:26 Elite Skirmisher
41:49 Heavy Plow
42:03 Bow Saw
42:03 Stone Mining
42:06 Town Watch
46:20 Imperial Age
44:57 Forging
45:17 Ballistics
44:53 Murder Holes
46:31 Iron Casting
45:48 Fletching
46:50 Padded Archer Armor
47:10 Chain Barding Armor
48:32 Chemistry
48:44 Conscription
48:14 Heavy Camel Rider
49:49 Imperial Camel Rider
50:46 Squires
52:31 Blast Furnace
Connection lost

Rejoining the realm…

Still unreachable

The connection could not be restored.

Session expired

The server has moved on; the page needs a fresh start.